 Dungeon Crawl Stone Soup version 0.25-a0-399-gcf1075a8b3 (webtiles) character file.

Game seed: 4762925178585204137, levelgen mode: deterministic

367678 yooinah the Warrior (level 22, -16/337 HPs)
             Began as a Naga Fighter on Jan 8, 2020.
             Was the Champion of Okawaru.
             Demolished by an Ice Fiend (46 damage)
             ... in an ice cave.
             The game lasted 02:42:02 (50367 turns).

yooinah the Warrior (Naga Fighter)                 Turns: 50367, Time: 02:42:03

Health: -16/337    AC: 31    Str: 28    XL:     22   Next: 59%
Magic:  30/38      EV:  1    Int: 10    God:    Okawaru [******]
Gold:   2495       SH: 15    Dex:  8    Spells: 17/21 levels left

rFire    + . .     SeeInvis +   a - +8 broad axe (flame)
rCold    . . .     Gourm    .   c - +0 shield
rNeg     + + +     Faith    .   (armour currently unavailable)
rPois    +         Spirit   .   (helmet currently unavailable)
rElec    +         Reflect  +   (cloak currently unavailable)
rCorr    .         Harm     .   (gloves currently unavailable)
MR       ++++.     NoTele   +   (no barding)
Stlth    +.........             q - +3 amulet of reflection
HPRegen  0.66/turn              B - ring of Brilliance {*Corrode rElec rF+ MR+ Slay+4}
MPRegen  0.26/turn              X - ring "Alom Hea" {MP+9 Slay+3}

@: tree-form, studying Axes
A: large, see invisible, clumsy 1, magic resistance 1, slow metabolism 1, spit
poison 1, MP-powered wands, AC +7
}: 2/15 runes: barnacled, gossamer
a: Spit Poison, Heroism, Finesse, Renounce Religion


You were in an ice cave.
You worshipped Okawaru.
Okawaru was exalted by your worship.
You were hungry.
You were a tree.
You visited 8 branches of the dungeon, and saw 39 of its levels.
You also visited: Gauntlet, Ice Cave and Wizlab.

You collected 3862 gold pieces.
You spent 1367 gold pieces at shops.

Inventory:

Hand Weapons
 a - a +8 broad axe of flaming (weapon)
 b - the +8 war axe "Uvuju" {antimagic, rPois rF++ Dex+5}
   (Okawaru gifted it to you on level 1 of the Vaults)

   It reduces the magical energy of the wielder, and disrupts the spells and
   magical abilities of those hit.
   Natural abilities and divine invocations are not affected.
   It affects your dexterity (+5).
   It greatly protects you from fire.
   It protects you from poison.
Missiles
 d - 7 throwing nets
 z - 41 boomerangs (quivered)
 J - 47 silver javelins
 K - 11 curare-tipped darts
 O - 74 javelins
Armour
 c - a +0 shield (worn)
 i - the +2 cloak of Nohe {+Fly rCorr MP-9}
   (You found it on level 1 of the Elven Halls)

   It affects your magic capacity (-9).
   It lets you fly.
   It provides partial protection from all sources of acid and corrosion.
 o - a +1 pair of gloves (melded)
 s - the +4 cloak "Iddynisa" (melded) {rElec rN+}
   (You found it in a wizard's laboratory)

   It insulates you from electricity.
   It protects you from negative energy.
 u - a +1 helmet (melded)
 y - a +1 naga barding of cold resistance (melded)
 D - the +10 plate armour of the Eternal Void (melded) {rElec rC+++ MP-9 Stlth-}
   (Okawaru gifted it to you on level 1 of the Shoals)

   It renders you almost immune to cold.
   It insulates you from electricity.
   It affects your magic capacity (-9).
   It makes you less stealthy.
 S - a +3 naga barding of fire resistance
Jewellery
 q - a +3 amulet of reflection (around neck)
 B - the ring of Brilliance (left branch) {*Corrode rElec rF+ MR+ Slay+4}
   (You took it off a minotaur in a Gauntlet)

   [ring of protection from magic]

   It affects your accuracy and damage with ranged weapons and melee attacks
   (+4).
   It protects you from fire.
   It insulates you from electricity.
   It affects your resistance to hostile enchantments.
   It may corrode you when you take damage.
 G - the ring "Attoim" {rElec rPois rF+++ rC- rN+}
   (You found it in a wizard's laboratory)

   [ring of positive energy]

   It renders you almost immune to fire.
   It makes you vulnerable to cold.
   It insulates you from electricity.
   It protects you from poison.
   It protects you from negative energy.
 L - an uncursed ring of positive energy
 X - the ring "Alom Hea" (right branch) {MP+9 Slay+3}
   (You bought it in a shop on level 3 of the Vaults)

   [ring of magical power]

   It affects your accuracy and damage with ranged weapons and melee attacks
   (+3).
   It affects your magic capacity (+9).
 Z - the ring of Eqorghu {+Blink rPois MR+ Str-2 Dex-2}
   (You found it in a Gauntlet)

   [ring of dexterity]

   It affects your strength (-2).
   It affects your dexterity (-2).
   It protects you from poison.
   It affects your resistance to hostile enchantments.
   It lets you blink.
Wands
 n - a wand of acid (19)
 I - a wand of digging (19)
 Q - a wand of clouds (7)
 W - a wand of iceblast (22)
Scrolls
 e - 15 scrolls of remove curse
 g - a scroll of blinking
 h - 8 scrolls of identify
 m - 8 scrolls of fog
 r - 15 scrolls of teleportation
 w - 5 scrolls of magic mapping
 M - 2 scrolls of fear
 T - 3 scrolls of summoning
Potions
 p - 5 potions of curing
 t - 8 potions of ambrosia
 v - 3 potions of cancellation
 x - 5 potions of agility
 A - 5 potions of flight
 C - 7 potions of brilliance
 E - 2 potions of resistance
 F - 5 potions of lignification
 H - 4 potions of might
 N - 7 potions of magic
 U - 5 potions of berserk rage
 V - a potion of haste
 Y - 4 potions of heal wounds
Books
 k - a manual of Axes
Miscellaneous
 j - a box of beasts
 l - a phantom mirror
 P - a lamp of fire
Comestibles
 f - 65 rations


   Skills:
 + Level 19.5 Fighting
   Level 9.5 Short Blades
   Level 0.1(5.9) Long Blades
 + Level 19.0 Axes
 * Level 14.3 Throwing
 + Level 15.0 Armour
 - Level 9.0 Shields
 - Level 10.0 Invocations
 - Level 5.0 Evocations


You had 17 spell levels left.
You knew the following spells:

 Your Spells              Type           Power        Failure   Level  Hunger
a - Blink                 Tloc           N/A          50%         2    ###....
b - Passwall              Tmut/Erth      #.......     50%         2    ###....

Your spell library contained the following spells:

 Spells                   Type           Power        Failure   Level  Hunger
 Apportation              Tloc           #.....       36%         1    ##.....
 Beastly Appendage        Tmut           #.....       36%         1    ##.....
 Corona                   Hex            #......      36%         1    ##.....
 Magic Dart               Conj           #...         36%         1    ##.....
 Sandblast                Erth           #.....       36%         1    ##.....
 Sting                    Tmut/Pois      #...         36%         1    ##.....
 Summon Butterflies       Summ           #.......     36%         1    ##.....
 Summon Small Mammal      Summ           #...         36%         1    ##.....
 Call Imp                 Summ           #.......     50%         2    ###....
 Poisonous Vapours        Pois/Air       #.....       50%         2    ###....
 Slow                     Hex            #.......     50%         2    ###....
 Sticks to Snakes         Tmut           #.......     50%         2    ###....
 Call Canine Familiar     Summ           #.......     75%         3    ####...
 Conjure Flame            Conj/Fire      #.......     75%         3    ####...
 Gell's Gravitas          Tloc           #.........   75%         3    ####...
 Ignite Poison            Fire/Tmut/Pois #.......     75%         3    ####...
 Inner Flame              Hex/Fire       #.......     75%         3    ####...
 Lesser Beckoning         Tloc           #.........   75%         3    ####...
 Mephitic Cloud           Conj/Pois/Air  #.......     75%         3    ####...
 Portal Projectile        Hex/Tloc       #.....       75%         3    ####...
 Spider Form              Tmut/Pois      #.........   75%         3    ####...
 Stone Arrow              Conj/Erth      #.....       75%         3    ####...
 Summon Guardian Golem    Hex/Summ       #.......     75%         3    ####...
 Tukima's Dance           Hex            #.......     75%         3    ####...
 Cause Fear               Hex            #.........   98%         4    #####..
 Ice Form                 Ice/Tmut       #.......     98%         4    #####..
 Leda's Liquefaction      Hex/Erth       #.........   98%         4    #####..
 Olgreb's Toxic Radiance  Pois           #.......     98%         4    #####..
 Petrify                  Tmut/Erth      #.......     98%         4    #####..
 Summon Ice Beast         Ice/Summ       #.......     98%         4    #####..
 Summon Lightning Spire   Summ/Air       #.......     98%         4    #####..
 Alistair's Intoxication  Tmut/Pois      #.......     100%        5    ######.
 Blade Hands              Tmut           #.........   100%        5    ######.
 Irradiate                Conj/Tmut      #.........   100%        5    ######.
 Lee's Rapid Deconstruct  Erth           #.........   100%        5    ######.
 Metabolic Englaciation   Hex/Ice        #.........   100%        5    ######.
 Summon Mana Viper        Hex/Summ       #.......     100%        5    ######.
 Dispersal                Tloc           #.........   100%        6    #######
 Freezing Cloud           Conj/Ice/Air   #.........   100%        6    #######
 Hydra Form               Tmut           #.........   100%        6    #######
 Invisibility             Hex            #.......     100%        6    #######
 Ozocubu's Refrigeration  Ice            #.........   100%        6    #######
 Shadow Creatures         Summ           N/A          100%        6    #######
 Simulacrum               Ice/Necr       #.........   100%        6    #######
 Statue Form              Tmut/Erth      #........    100%        6    #######
 Dragon Form              Tmut           #.........   100%        7    #######
 Malign Gateway           Summ/Tloc      #.........   100%        7    #######
 Spellforged Servitor     Conj/Summ      #.........   100%        7    #######
 Summon Hydra             Summ           #.........   100%        7    #######
 Controlled Blink         Tloc           N/A          100%        8    #######
 Disjunction              Tloc           #.........   100%        8    #######


Dungeon Overview and Level Annotations

Branches:
Dungeon (15/15)            Temple (1/1) D:5            Lair (6/6) D:11
 Shoals (4/4) Lair:4       Spider (4/4) Lair:3        Slime (0/5) Lair:5
    Orc (2/2) D:12            Elf (2/3) Orc:2        Vaults (5/5) D:13
  Crypt (0/3) Vaults:2     Depths (0/5) D:15          IceCv (1/1)
 WizLab (visited)         Gauntlet (visited)

Altars:
Ashenzari
Cheibriados
Dithmenos
Elyvilon
Fedhas
Gozag
Hepliaklqana
Kikubaaqudgha
Makhleb
Nemelex Xobeh
Okawaru
Qazlal
Ru
Sif Muna
Trog
Uskayaw
Vehumet
Wu Jian
Xom
Yredelemnul
Zin
The Shining One
Jiyva

Shops:
D:10 [   Orc:1 [*   Orc:2 *(%(}   Elf:1 [   Shoals:2 }   Vaults:3 }=?:

Annotations:
D:5 exclusion: downstairs
D:9 exclusion: downstairs
D:12 exclusion: downstairs
D:15 2 transporters, Jaimpeja's ghost, journeyman DsNe
Lair:4 2 runed translucent doors, Siyc's ghost, journeyman DsWn
Lair:5 1 runed translucent door
Shoals:3 3 runed translucent doors, Borgoz's ghost, adept GrGl


Innate Abilities, Weirdness & Mutations

You cannot wear boots.
((Your serpentine skin is tough. (AC +7)))
You have supernaturally acute eyesight. (SInv)
((Armour fits poorly on your strangely shaped body.))
((Your system is resistant to poisons. (rPois)))
((You cover ground very slowly.))
You have a slow metabolism.
You can spit poison.
((You can use your snake-like lower body to constrict enemies.))
((You are partially covered in slimy green scales. (AC +2)))
You are clumsy. (Dex -2)
You are resistant to hostile enchantments. (MR+)
You expend magic power (3 MP) to strengthen your wands.


Message History

You block the Ice Fiend's attack. x2
You slice the Ice Fiend!! You burn the Ice Fiend.
The Ice Fiend is heavily wounded.
The Ice Fiend claws you but does no damage.
The Ice Fiend barely misses you.
You hit the Ice Fiend. You burn the Ice Fiend.
The Ice Fiend is heavily wounded.
You slice the Ice Fiend!! You burn the Ice Fiend!
The Ice Fiend is almost dead.
The Ice Fiend claws you but does no damage. x2
You slash the Ice Fiend! You burn the Ice Fiend.
The Ice Fiend is almost dead.
The Ice Fiend claws you.
* * * LOW HITPOINT WARNING * * *
The Ice Fiend freezes you!!!
* * * LOW HITPOINT WARNING * * *
The Ice Fiend claws you!
* * * LOW HITPOINT WARNING * * *
The Ice Fiend freezes you!!!
You die...

##########
#Z41##...#######
#4..##♣..##...#..#
#ZZ.4 ########..#
##### ..ZZ
#..#####.≈≈# .1Z
##..##..≈#≈≈ #.
###...##≈≈≈ #
#####≈≈≈# #≈≈#≈≈≈
≈≈≈≈≈≈≈≈ ≈≈≈≈≈≈≈#


You could see an Ice Fiend, an ice devil and a five-headed hydra simulacrum.

Vanquished Creatures
  The ghost of Wiebster667 the Slayer, a veteran MiBe of Trog (Vaults:4)
  A Hellbinder (WizLab)
  Arachne (Spider:2)
  A tentacled monstrosity (Vaults:5)
  Jorgrun (Shoals:1)
  A lich (Vaults:4)
  2 krakens
  A sphinx (Vaults:4)
  Ilsuiw (Shoals:4)
  A storm dragon (Vaults:4)
  The ghost of Giawk the Demonic Aeon, an adept DsIE of Cheibriados (Elf:1)
  2 deep elf sorcerers (Vaults:3)
  A fire giant (Vaults:5)
  3 frost giants
  Aizul (Spider:4)
  4 ghost moths (Spider:4)
  9 vault wardens
  2 orc warlords (Vaults:4)
  3 emperor scorpions
  3 balrugs (WizLab)
  5 stone giants
  11 ironheart preservers
  4 very ugly things
  6 entropy weavers
  4 deep elf demonologists
  A blood saint (WizLab)
  2 deep elf annihilators
  A lorocyproca (WizLab)
  A minotaur (Gauntlet)
  Azrael (Spider:3)
  2 spark wasps (Spider:4)
  A dire elephant (Gauntlet)
  A deep elf death mage (Elf:1)
  5 merfolk javelineers
  5 ettins
  A green death (WizLab)
  12 merfolk impalers
  3 blizzard demons (WizLab)
  5 fire dragons
  Josephine (D:13)
  2 deep elf high priests (Vaults:5)
  3 yaktaur captains
  Erolcha (D:13)
  4 great orbs of eyes
  2 hell beasts (WizLab)
  33 vault guards
  2 rakshasas
  3 ice dragons
  An alligator snapping turtle (Shoals:3)
  3 merfolk avatars
  6 hydras
  3 satyrs
  A catoblepas (D:14)
  8 merfolk aquamancers
  7 centaur warriors
  31 two-headed ogres
  4 dancing weapons
  11 ogre magi
  2 deep troll shamans (Vaults:1)
  10 death yaks
  An orc high priest (Elf:1)
  A vampire mage (Vaults:2)
  9 deep elf knights
  3 soul eaters (WizLab)
  A sun demon (WizLab)
  Sonja (D:13)
  2 skeletal warriors (D:15)
  12 sea snakes
  A storm dragon skeleton (Vaults:1)
  6 unseen horrors
  A flayed ghost (D:15)
  4 sixfirhies
  20 deep trolls
  5 wizards
  A lindwurm (Lair:6)
  10 deep elf archers
  12 orc knights
  3 necromancers
  A glowing orange brain (Vaults:4)
  32 harpies
  13 ironbrand convokers
  3 orc sorcerers
  29 wolf spiders
  8 fauns
  15 orb spiders
  41 deep elf magi
  A mana viper (shapeshifter) (Elf:1)
  9 cyclopes
  30 ugly things
  6 manticores
  2 moths of wrath
  3 elephants (Gauntlet)
  Maurice (Orc:1)
  A human skeleton (Vaults:1)
  4 black mambas
  A guardian serpent (shapeshifter) (Vaults:2)
  2 molten gargoyles (Lair:6)
  8 merfolk sirens
  3 smoke demons (WizLab)
  2 orange demons (WizLab)
  A rust devil (WizLab)
  18 vault sentinels
  3 gargoyles
  7 water nymphs
  A torpor snail (Spider:2)
  A kobold demonologist (D:15)
  3 hellions (WizLab)
  8 spiny frogs
  3 rime drakes
  30 yaktaurs
  9 komodo dragons
  13 demonic crawlers
  A red devil (WizLab)
  6 freezing wraiths
  5 anaconda simulacra (IceCv)
  6 ice devils
  A hellwing (WizLab)
  A tengu conjurer (D:13)
  A tengu simulacrum (Vaults:3)
  28 jumping spiders
  A meliai (shapeshifter) (Elf:2)
  A queen bee (shapeshifter) (Vaults:3)
  3 meliai (D:14)
  10 trolls
  7 wind drakes
  34 merfolk
  3 polar bears
  Grinder (D:4)
  8 hornets
  13 slime creatures
  3 dream sheep (Shoals:3)
  A fire dragon zombie (D:15)
  A blink frog (shapeshifter) (Vaults:4)
  15 snapping turtles
  2 hippogriffs (shapeshifter) (Vaults:3)
  6 blink frogs
  A fire giant simulacrum (Vaults:3)
  9 hippogriffs
  A redback (shapeshifter) (Vaults:5)
  3 flying skulls (Gauntlet)
  2 shadows (D:14)
  11 wyverns
  72 redbacks
  An air elemental (Elf:1)
  18 tarantellas
  6 wraiths
  A ynoxinul (WizLab)
  4 vampires
  A deep troll zombie (D:15)
  2 spriggan skeletons (D:15)
  35 yaks
  5 fire elementals
  5 basilisks
  A human (shapeshifter) (Vaults:2)
  A human (D:13)
  A hungry ghost (D:8)
  A neqoxec (WizLab)
  22 water elementals
  4 chaos spawn (WizLab)
  7 wargs
  A death yak simulacrum (IceCv)
  3 steam dragons (Lair:6)
  4 harpy simulacra (IceCv)
  2 iron troll simulacra (IceCv)
  Menkaure (D:4)
  3 acid dragons
  7 hell hounds
  13 water moccasins
  9 porcupines
  2 hydra simulacra (IceCv)
  A soldier ant (D:14)
  29 orc warriors
  An eye of draining (D:11)
  6 ice beasts
  7 sky beasts
  43 ogres
  5 black bears
  2 necrophages
  3 phantoms
  2 human zombies (Vaults:1)
  23 wolves
  10 centaurs
  A crocodile (shapeshifter) (Vaults:3)
  13 crocodiles
  2 big kobolds
  A wyvern zombie (D:8)
  16 bullfrogs
  2 gnoll sergeants
  A deep troll simulacrum (Vaults:1)
  A scorpion (D:13)
  14 killer bees
  A human simulacrum (Vaults:1)
  2 elephant simulacra (IceCv)
  10 howler monkeys
  10 electric eels
  17 wights
  5 lava snakes (Lair:6)
  3 bullfrog zombies
  2 crimson imps
  2 draconian simulacra (IceCv)
  10 hounds
  20 orc priests
  6 centaur zombies
  2 bullfrog skeletons
  31 orc wizards
  An iguana (D:11)
  6 centaur skeletons
  12 worker ants
  A spriggan simulacrum (IceCv)
  A wolf simulacrum (IceCv)
  A polar bear simulacrum (IceCv)
  3 centaur simulacra (IceCv)
  A hound skeleton (D:11)
  A worker ant zombie (D:11)
  11 gnolls
  A naga simulacrum (IceCv)
  15 adders
  An ogre simulacrum (IceCv)
  5 shadow imps
  5 white imps (IceCv)
  6 ufetubi (IceCv)
  4 oozes
  An adder skeleton (D:10)
  3 worms
  2 dart slugs
  6 leopard geckos
  102 orcs
  3 ball pythons
  5 giant cockroaches
  9 goblins
  4 hobgoblins
  6 jackals
  19 kobolds
  4 quokkas
  11 bats
  7 frilled lizards
  A giant cockroach zombie (D:6)
  A quokka skeleton (D:5)
  A quokka zombie (D:6)
  10 rats
  A bush (Lair:6)
  3 fungi
  6 plants
  5 tentacles
1660 creatures vanquished.

Vanquished Creatures (others)
  A fire giant (Vaults:4)
  A centaur warrior (Vaults:4)
  2 satyrs
  A deep elf archer (Elf:1)
  A yaktaur (Vaults:4)
  A jumping spider (Spider:1)
  A hog (shapeshifter) (D:13)
  A water moccasin (Lair:4)
  A bullfrog (D:13)
  An orc wizard (Vaults:4)
  A white imp (IceCv)
  An ufetubus (IceCv)
  13 demonic plants (Gauntlet)
  15 plants
  6 tentacles
47 creatures vanquished.

Grand Total: 1707 creatures vanquished

Notes
Turn   | Place    | Note
-------+----------+-------------------------------------------
     0 | D:1      | yooinah the Naga Fighter began the quest for the Orb.
     0 | D:1      | Reached XP level 1. HP: 21/21 MP: 1/1
   225 | D:1      | Reached XP level 2. HP: 18/28 MP: 2/2
   769 | D:1      | Reached XP level 3. HP: 32/34 MP: 3/3
  1616 | D:2      | Reached XP level 4. HP: 23/42 MP: 4/4
  2004 | D:2      | Reached skill level 1 in Short Blades
  2227 | D:3      | Reached XP level 5. HP: 47/49 MP: 5/5
  2932 | D:3      | Found a stormy altar of Qazlal.
  3201 | D:3      | Found an ornate altar of the Wu Jian Council.
  3364 | D:4      | Noticed Menkaure
  3376 | D:4      | Killed Menkaure
  3376 | D:4      | Reached skill level 1 in Throwing
  3376 | D:4      | Reached XP level 6. HP: 57/57 MP: 6/6
  3379 | D:4      | Noticed a phantom
  3413 | D:4      | Killed a phantom
  3489 | D:4      | Reached XP level 7. HP: 38/64 MP: 7/7
  3762 | D:4      | Noticed Grinder
  3765 | D:4      | Paralysed by Grinder for 4 turns
  3775 | D:4      | Killed Grinder
  3775 | D:4      | Reached XP level 8. HP: 21/73 MP: 8/8
  4351 | D:5      | Entered Level 5 of the Dungeon
  4355 | D:5      | Reached skill level 5 in Short Blades
  4408 | D:5      | Got a shimmering dagger
  4409 | D:5      | Identified the +4 dagger "Siullun" {flame, MR+++} (You
                  | found it on level 5 of the Dungeon)
  4853 | D:5      | Reached skill level 5 in Armour
  5118 | D:5      | Found a staircase to the Ecumenical Temple.
  5149 | Temple   | Entered the Ecumenical Temple
  5372 | Temple   | Became a worshipper of Warmaster Okawaru
  5785 | D:6      | Found a basalt altar of Yredelemnul.
  5811 | D:6      | Reached skill level 5 in Fighting
  6181 | D:6      | Reached XP level 9. HP: 40/81 MP: 9/9
  6390 | D:6      | Reached * piety under Okawaru
  7017 | D:7      | Reached skill level 1 in Invocations
  7798 | D:8      | Reached ** piety under Okawaru
  7889 | D:8      | Learned a level 2 spell: Blink
  7987 | D:8      | Found a white marble altar of Elyvilon.
  8412 | D:8      | Reached XP level 10. HP: 87/91 MP: 12/12
  8603 | D:9      | Reached *** piety under Okawaru
  8997 | D:9      | Received a gift from Okawaru
  9044 | D:9      | Found a shadowy altar of Dithmenos.
  9285 | D:10     | Entered Level 10 of the Dungeon
  9309 | D:9      | Reached skill level 5 in Throwing
 10367 | D:10     | Reached **** piety under Okawaru
 10604 | D:10     | Found Ehuipp's Antique Armour Shop.
 10782 | D:11     | Reached skill level 5 in Invocations
 10872 | D:11     | Got a shimmering falchion
 10876 | D:11     | Identified the cursed +2 falchion of the Shrike {venom,
                  | rF++ rN+ Str-3 Dex+4} (You found it on level 11 of the
                  | Dungeon)
 11078 | D:11     | Noticed a cyclops
 11104 | D:11     | Killed a cyclops
 11179 | D:11     | Received a gift from Okawaru
 11179 | D:11     | Reached XP level 11. HP: 99/99 MP: 0/14
 11189 | D:11     | Noticed a six-headed hydra
 11196 | D:11     | Killed a six-headed hydra
 11211 | D:11     | Noticed an unseen horror
 11218 | D:11     | Killed an unseen horror
 11218 | D:11     | Reached ***** piety under Okawaru
 11305 | D:11     | Noticed an unseen horror
 11324 | D:11     | Killed an unseen horror
 11336 | D:11     | Reached skill level 5 in Shields
 11435 | D:11     | Received a gift from Okawaru
 11436 | D:11     | Got a steaming short sword {god gift}
 11437 | D:11     | Identified the +3 short sword of the Big Fish {pierce,
                  | rElec rF- Dex+6} (Okawaru gifted it to you on level 11 of
                  | the Dungeon)
 11575 | D:11     | Found a staircase to the Lair.
 11986 | D:12     | Got a crude scimitar
 11987 | D:12     | Identified the +7 scimitar "Fagerekh" {freeze, rPois rN+
                  | MP+9 Dex-4} (You found it on level 12 of the Dungeon)
 12190 | D:12     | Found a staircase to the Orcish Mines.
 12258 | D:12     | Noticed an unseen horror
 12259 | D:12     | Reached skill level 5 in Axes
 12470 | D:12     | Noticed an eight-headed hydra
 12499 | D:12     | Killed an eight-headed hydra
 12557 | D:12     | Noticed an unseen horror
 12568 | D:12     | Killed an unseen horror
 12568 | D:12     | Reached XP level 12. HP: 96/110 MP: 15/15
 13764 | D:13     | Noticed a centaur warrior
 13790 | D:13     | Killed a centaur warrior
 13831 | D:13     | Noticed Erolcha
 13981 | Lair:1   | Entered Level 1 of the Lair of Beasts
 14723 | Lair:1   | Received a gift from Okawaru
 15814 | Lair:2   | Got a pitted trident
 15815 | Lair:2   | Identified the +10 trident "Hosm" {drain, rPois Int+4
                  | Dex+3} (You found it on level 2 of the Lair of Beasts)
 15877 | Lair:2   | Noticed a four-headed hydra
 15883 | Lair:2   | Killed a four-headed hydra
 16364 | Lair:2   | Noticed a death yak
 16384 | Lair:2   | Killed a death yak
 16384 | Lair:2   | Gained mutation: You can use your snake-like lower body to
                  | constrict enemies. [Naga growth]
 16384 | Lair:2   | Reached XP level 13. HP: 116/117 MP: 17/17
 16854 | Lair:3   | Received a gift from Okawaru
 16872 | Lair:3   | Reached ****** piety under Okawaru
 16880 | Lair:3   | Received a gift from Okawaru
 16927 | Lair:3   | Found a gate leading to a gauntlet.
 16937 | Gauntlet | Entered a Gauntlet
 16937 | Gauntlet | Found a transporter.
 16937 | Gauntlet | Found a transporter.
 16938 | Gauntlet | Found a transporter.
 16941 | Gauntlet | Found a transporter.
 16941 | Gauntlet | Found a transporter.
 16943 | Gauntlet | Found a transporter.
 16950 | Gauntlet | Noticed a dire elephant
 16951 | Gauntlet | Found a transporter.
 16955 | Gauntlet | Found a transporter.
 16964 | Gauntlet | Noticed a balrug
 16969 | Gauntlet | Found a transporter.
 17067 | Gauntlet | Found a transporter.
 17069 | Gauntlet | Found a transporter.
 17081 | Gauntlet | Found a transporter.
 17325 | Gauntlet | Killed a dire elephant
 17325 | Gauntlet | Received a gift from Okawaru
 17367 | Gauntlet | Got a brightly glowing marble ring
 17387 | Gauntlet | Identified the cursed ring of Eqorghu {+Blink rPois MR+
                  | Str-2 Dex-2} (You found it in a Gauntlet)
 17410 | Gauntlet | Received a gift from Okawaru
 17480 | Gauntlet | Got a slimy cloak
 17486 | Gauntlet | Identified the cursed +0 cloak "Owunwoat" {MP-9 Str+5 Dex-5
                  | SInv} (You found it in a Gauntlet)
 17499 | Gauntlet | Identified the ring of Brilliance {*Corrode rElec rF+ MR+
                  | Slay+4}
 17499 | Gauntlet | Noticed a minotaur
 17532 | Gauntlet | Killed a minotaur
 17532 | Gauntlet | Reached skill level 1 in Evocations
 17898 | Lair:3   | Found a hole to the Spider Nest.
 18007 | Lair:3   | Received a gift from Okawaru
 18585 | Lair:4   | Found a large runed translucent door.
 18586 | Lair:4   | Found a large runed translucent door.
 18591 | Lair:4   | Noticed Siyc's ghost (journeyman DsWn)
 18637 | Lair:4   | Got a brightly glowing chain mail
 18648 | Lair:4   | Identified the cursed +0 chain mail of the Jabberwock
                  | {Int+4} (You found it on level 4 of the Lair of Beasts)
 18696 | Lair:4   | Got a fine chain mail
 18707 | Lair:4   | Identified the +4 chain mail "Hatha" {SInv} (You found it
                  | on level 4 of the Lair of Beasts)
 18741 | Lair:4   | Found a staircase to the Shoals.
 18919 | Lair:4   | Reached skill level 10 in Axes
 19303 | Lair:5   | Found a runed translucent door.
 19304 | Lair:5   | Found a viscous altar of Jiyva.
 19309 | Lair:5   | Noticed an azure jelly
 19309 | Lair:5   | Noticed an azure jelly
 19310 | Lair:5   | Found a staircase to the Slime Pits.
 19311 | Lair:5   | Noticed an azure jelly
 19435 | Lair:5   | Reached XP level 14. HP: 116/129 MP: 7/19
 19438 | Lair:5   | Received a gift from Okawaru
 19812 | Lair:6   | Entered Level 6 of the Lair of Beasts
 20986 | Lair:6   | Found a large runed translucent door.
 20987 | Lair:6   | Found a large runed translucent door.
 21652 | D:12     | Received a gift from Okawaru
 21688 | Orc:1    | Entered Level 1 of the Orcish Mines
 21880 | Orc:1    | Found Ufixam's Antique Armour Emporium.
 21890 | Orc:1    | Bought an ancient chain mail for 256 gold pieces
 21902 | Orc:1    | Identified the +3 chain mail of Pathos {rPois rF+ Int-3
                  | Slay+5} (You bought it in a shop on level 1 of the Orcish
                  | Mines)
 21923 | Orc:1    | Noticed Maurice
 21933 | Orc:1    | Killed Maurice
 21982 | Orc:1    | Found Voyneeve's Assorted Antiques.
 21990 | Orc:1    | Bought a scroll labeled REXINE XIANN for 26 gold pieces
 22035 | Orc:2    | Entered Level 2 of the Orcish Mines
 22276 | Orc:2    | Found Vevales's General Store.
 22283 | Orc:2    | Found a staircase to the Elven Halls.
 22558 | Orc:2    | Received a gift from Okawaru
 22571 | Orc:2    | Reached skill level 10 in Fighting
 22571 | Orc:2    | Reached skill level 5 in Evocations
 22576 | Orc:2    | Reached XP level 15. HP: 96/138 MP: 11/20
 22655 | Orc:2    | Received a gift from Okawaru
 22666 | Orc:2    | Received a gift from Okawaru
 22683 | Orc:2    | Got an encrusted hand axe {god gift}
 22684 | Orc:2    | Identified the +1 hand axe "Miaxohie" {chop, rC++} (Okawaru
                  | gifted it to you on level 2 of the Orcish Mines)
 22807 | Orc:2    | Found Xept's Weapon Boutique.
 22807 | Orc:2    | Found Wipheir's Weapon Shoppe.
 22808 | Orc:2    | Found Qovunig's Gadget Emporium.
 22808 | Orc:2    | Found Pocoh's Food Boutique.
 23132 | Spider:1 | Entered Level 1 of the Spider Nest
 23146 | Spider:1 | Received a gift from Okawaru
 23801 | Spider:2 | Received a gift from Okawaru
 24031 | Spider:2 | Reached skill level 10 in Armour
 24054 | Spider:2 | Noticed Arachne
 24068 | Spider:2 | Killed Arachne
 24315 | Spider:2 | Received a gift from Okawaru
 24325 | Spider:2 | Got a translucent naga barding {god gift}
 24336 | Spider:2 | Identified the +0 naga barding "Hafamu" {rF+} (Okawaru
                  | gifted it to you on level 2 of the Spider Nest)
 25326 | Spider:3 | Noticed Azrael
 25337 | Spider:3 | Killed Azrael
 25558 | Spider:3 | Gained mutation: You are frail. (-10% HP) [potion of
                  | mutation]
 25558 | Spider:3 | Lost mutation: You are frail. (-10% HP) [potion of
                  | mutation]
 25558 | Spider:3 | Gained mutation: You expend magic power (3 MP) to
                  | strengthen your wands. [potion of mutation]
 25589 | Spider:3 | Noticed an emperor scorpion
 25606 | Spider:3 | Killed an emperor scorpion
 25606 | Spider:3 | Reached skill level 15 in Axes
 25777 | Spider:3 | Noticed an emperor scorpion
 25792 | Spider:3 | Killed an emperor scorpion
 25792 | Spider:3 | Reached XP level 16. HP: 104/148 MP: 13/22
 26161 | Spider:3 | Lost mutation: You expend magic power (3 MP) to strengthen
                  | your wands. [potion of mutation]
 26161 | Spider:3 | Gained mutation: You are resistant to hostile enchantments.
                  | (MR+) [potion of mutation]
 26161 | Spider:3 | Gained mutation: You are clumsy. (Dex -2) [potion of
                  | mutation]
 26161 | Spider:3 | Gained mutation: You are partially covered in slimy green
                  | scales. (AC +2) [potion of mutation]
 26161 | Spider:3 | Gained mutation: You expend magic power (3 MP) to
                  | strengthen your wands. [potion of mutation]
 26514 | Spider:4 | Entered Level 4 of the Spider Nest
 26879 | Spider:4 | Received a gift from Okawaru
 27348 | Spider:4 | Noticed Aizul
 27386 | Spider:4 | Killed Aizul
 27462 | Spider:4 | Received a gift from Okawaru
 27614 | Spider:4 | Lost dexterity.
 27829 | Spider:4 | Got a gossamer rune of Zot
 28556 | D:13     | Reached XP level 17. HP: 157/157 MP: 14/23
 28695 | D:13     | Noticed Josephine
 28700 | D:13     | Killed Josephine
 28937 | D:13     | Noticed Sonja
 28944 | D:13     | Killed Sonja
 29014 | D:13     | Received a gift from Okawaru
 29103 | D:13     | Found a gate to the Vaults.
 29283 | D:13     | Killed Erolcha
 29283 | D:13     | Received a gift from Okawaru
 29575 | D:14     | Found a shattered altar of Ashenzari.
 29814 | D:14     | Received a gift from Okawaru
 30196 | D:15     | Entered Level 15 of the Dungeon
 30372 | D:15     | Found a staircase to the Depths.
 30558 | D:15     | Found a transporter.
 30564 | D:15     | Noticed Jaimpeja's ghost (journeyman DsNe)
 30620 | D:15     | Found a transporter.
 31059 | Vaults:1 | Entered Level 1 of the Vaults
 31062 | Vaults:1 | Received a gift from Okawaru
 31117 | Vaults:1 | Learned a level 2 spell: Passwall
 31662 | Vaults:1 | Reached XP level 18. HP: 170/170 MP: 24/24
 31971 | Vaults:1 | Identified the cursed +0 scale mail of the Earth {Regen+}
                  | (You found it on level 1 of the Vaults)
 32274 | Vaults:1 | Received a gift from Okawaru
 33044 | Vaults:1 | Got an ancient war axe {god gift}
 33045 | Vaults:1 | Identified the +8 war axe "Uvuju" {antimagic, rPois rF++
                  | Dex+5} (Okawaru gifted it to you on level 1 of the Vaults)
 33185 | Vaults:2 | Received a gift from Okawaru
 33425 | Vaults:2 | Found a staircase to the Crypt.
 34073 | Vaults:2 | Reached skill level 10 in Throwing
 34510 | Vaults:2 | Reached XP level 19. HP: 127/183 MP: 25/25
 34860 | Vaults:2 | Received a gift from Okawaru
 34960 | Vaults:3 | Found Biewiam's Jewellery Shop.
 34966 | Vaults:3 | Bought a +3 amulet of reflection for 235 gold pieces
 34966 | Vaults:3 | Bought the ring "Alom Hea" {MP+9 Slay+3} for 594 gold
                  | pieces
 35282 | Vaults:3 | Reached skill level 15 in Fighting
 35322 | Vaults:3 | Received a gift from Okawaru
 35900 | Vaults:3 | Found Bobuf's Distillery.
 35974 | Vaults:3 | Received a gift from Okawaru
 36385 | Vaults:3 | Found Hen Tyme's Magic Scroll Shop.
 36389 | Vaults:3 | Found Rioriq's Book Shoppe.
 36396 | Vaults:3 | Bought a scroll of blinking for 142 gold pieces
 36396 | Vaults:3 | Bought a scroll of teleportation for 57 gold pieces
 36396 | Vaults:3 | Bought a scroll of teleportation for 57 gold pieces
 36674 | Vaults:3 | Reached skill level 10 in Invocations
 37416 | Vaults:3 | Found Xuagicol's Gadget Shop.
 37646 | Vaults:3 | Received a gift from Okawaru
 37699 | Vaults:3 | Got a translucent rapier {god gift}
 37700 | Vaults:3 | Identified the +8 rapier of the Lair of Beasts {drain, rN+
                  | MR++} (Okawaru gifted it to you on level 3 of the Vaults)
 37911 | Vaults:3 | Got a shimmering hand axe {god gift}
 37912 | Vaults:3 | Identified the +7 hand axe of Visy {freeze, Str+4} (Okawaru
                  | gifted it to you on level 3 of the Vaults)
 38040 | Vaults:4 | Reached XP level 20. HP: 196/196 MP: 27/27
 38258 | Vaults:4 | Found a magical portal.
 38431 | WizLab   | Received a gift from Okawaru
 39880 | WizLab   | Noticed Mowefy
 40259 | WizLab   | Killed Mowefy the Hellbinder
 40268 | WizLab   | Found a burning altar of Makhleb.
 40281 | WizLab   | Identified the ring "Attoim" {rElec rPois rF+++ rC- rN+}
                  | (You found it in a wizard's laboratory)
 40299 | WizLab   | Identified the +4 cloak "Iddynisa" {rElec rN+} (You found
                  | it in a wizard's laboratory)
 40348 | WizLab   | Identified the Tome of the Entourage
 40892 | Vaults:4 | Found a runed translucent door.
 40892 | Vaults:4 | Noticed Wiebster667's ghost (veteran MiBe)
 41380 | Vaults:4 | Received a gift from Okawaru
 41621 | Vaults:4 | Killed Wiebster667's ghost
 41621 | Vaults:4 | Received a gift from Okawaru
 41983 | Vaults:5 | Entered Level 5 of the Vaults
 42382 | Vaults:5 | Reached XP level 21. HP: 165/211 MP: 28/28
 42609 | Vaults:5 | Received a gift from Okawaru
 43333 | Shoals:1 | Entered Level 1 of the Shoals
 43338 | Shoals:1 | Received a gift from Okawaru
 43358 | Shoals:1 | Noticed Jorgrun
 43373 | Shoals:1 | Killed Jorgrun
 43386 | Shoals:1 | Got a translucent plate armour {god gift}
 43626 | Lair:4   | Identified the +10 plate armour of the Eternal Void {rElec
                  | rC+++ MP-9 Stlth-} (Okawaru gifted it to you on level 1 of
                  | the Shoals)
 44362 | Shoals:1 | Identified the +4 hand axe of Xyotai {antimagic, rElec}
                  | (You found it on level 1 of the Shoals)
 44595 | Shoals:2 | Found Botintoan's Gadget Boutique.
 45740 | Shoals:3 | Found a runed translucent gate.
 45740 | Shoals:3 | Found a runed translucent gate.
 45742 | Shoals:3 | Found a runed translucent gate.
 45743 | Shoals:3 | Noticed Borgoz's ghost (adept GrGl)
 46111 | Shoals:4 | Entered Level 4 of the Shoals
 46118 | Shoals:4 | Received a gift from Okawaru
 46951 | Shoals:4 | Noticed Ilsuiw
 46971 | Shoals:4 | Killed Ilsuiw
 46971 | Shoals:4 | Received a gift from Okawaru
 47357 | Shoals:4 | Reached XP level 22. HP: 210/224 MP: 29/29
 47404 | Shoals:4 | Identified the +4 scale mail of Bad Feelings {Str+4} (You
                  | found it on level 4 of the Shoals)
 47779 | Shoals:4 | Got a barnacled rune of Zot
 47854 | Shoals:4 | Received a gift from Okawaru
 48541 | Elf:1    | Entered Level 1 of the Elven Halls
 48874 | Elf:1    | Found Tugrits's Armour Shop.
 49032 | Elf:1    | Found a runed translucent gate.
 49060 | Elf:1    | Found a runed translucent gate.
 49060 | Elf:1    | Found a runed translucent gate.
 49133 | Elf:1    | Identified Wux Agruasch's Almanac of the Escort
 49295 | Elf:1    | Reached skill level 15 in Armour
 49459 | Elf:1    | Noticed Giawk's ghost (adept DsIE)
 49515 | Elf:1    | Received a gift from Okawaru
 49518 | Elf:1    | Killed Giawk's ghost
 49758 | Elf:1    | Identified the +2 cloak of Nohe {+Fly rCorr MP-9} (You
                  | found it on level 1 of the Elven Halls)
 49976 | Elf:2    | Found a frozen archway.
 49984 | IceCv    | Entered an ice cave
 50083 | IceCv    | Identified the +2 plate armour of Dexiohec {rPois rC+} (You
                  | found it in an ice cave)
 50367 | IceCv    | Demolished by an Ice Fiend

Levels and vault maps discovered:
D:1:      arrival_zaba_pyramid, layout_basic
D:2:      layout_basic, st_stairs_3
D:3:      layout_loops_corners, grunt_qazlal_sundering, marbit_many_paths
D:4:      layout_basic, uniq_grinder, uniq_menkaure
D:5:      layout_loops_ring, minmay_temple_entry_junction_2, first_ration,
          minmay_misc_feat_square
D:6:      layout_basic, basic_altar
D:7:      layout_gridville
D:8:      layout_gridville, elyvilon_altar_1
D:9:      layout_basic, nicolae_dithmenos_shadow_blocks
D:10:     layout_basic, serial_shops, kennysheep_little_box
D:11:     layout_basic, erik_lair_dragon
D:12:     layout_basic, erik_orc_4
D:13:     layout_irregular_city, grunt_vaults_entry_fortified, grunt_tengu_nest,
          item_on_display_a, uniq_sonja, uniq_josephine, uniq_erolcha
D:14:     layout_small_grid, lemuel_crystal_altar
D:15:     gammafunk_depths_entry_grave, layout_small_grid,
          gammafunk_ghost_stat_death, serial_bayou_pond_a
Temple:   dpeg_five_rooms_temple
Lair:1:   layout_cave_pods, serial_bayou, serial_bayou_pond_c,
          serial_bayou_pond_c, serial_bayou_shore_b, serial_bayou_lagoon_a,
          serial_bayou_pond_c, infiniplex_staircase_pool
Lair:2:   beast_lair_carwin_large_4, layout_loops_ring, minmay_shattered_shrine
Lair:3:   layout_cave_pods, spider_nest_entry_a, gauntlet_entry_generic,
          grunt_megastairs_1
Lair:4:   layout_hall_layers, elwin_shoals_entry_rocks,
          ebering_ghost_disaster_area, lemuel_old_faithful, lemuel_fruit_fields
Lair:5:   layout_cave_shapes, slime_altar_2
Lair:6:   cheibrodos_lair_end_hotspot, layout_regular_city
Shoals:1: layout_shoals, uniq_jorgrun
Shoals:2: cheibrodos_shoals_roost, layout_shoals, serial_shops, shop
Shoals:3: layout_shoals, gammafunk_ghost_tricky_traps
Shoals:4: shoals_end_simple, layout_shoals, shoals_ilsuiw_ice
Spider:1: layout_spider_delve
Spider:2: layout_spider_delve, uniq_arachne
Spider:3: layout_spider_delve, uniq_azrael
Spider:4: grunt_spider_rune_parallel, uniq_aizul
Orc:1:    layout_caves, serial_shops, shop, shop, uniq_maurice
Orc:2:    st_orc_ogre_mass, layout_diamond_mine, serial_shops, shop
Elf:1:    eino_elf_arrival_sip, layout_onion_city, serial_shops, shop,
          gammafunk_ghost_tricky_traps, minmay_elf_demonology
Elf:2:    layout_loops_corners, portal_ice_cave_entry_pillars_1, drop_trap,
          uniq_nikola, uniq_donald
Vaults:1: v_misc_19, v_misc_18, v_misc_18, nicolae_vaults_big_ls,
          grunt_vaults_funnel, v_pattern_3, vaults_room_grid,
          vaults_mumra_minichess, layout_vaults_omnigrid
Vaults:2: minmay_crypt_entry_vampire_xt, hangedman_vaults_nodes,
          dpeg_vaults_monster_row, ontoclasm_vaults_pinch,
          ontoclasm_vaults_ring_square, vaults_dpeg_hooks,
          nicolae_vaults_what_the_h, vaults_mumra_hexcomb,
          nicolae_vaults_windows_and_doors_thing, hangedman_vaults_nails,
          v_misc_13, ontoclasm_vaults_loading_screen, layout_vaults_omnibox
Vaults:3: v_rooms_5, v_rooms_3, vaults_room_stairs_pillars, v_misc_4,
          ontoclasm_vaults_decontamination, nicolae_vaults_yaktaur_gun_rack,
          v_misc_26, st_smaller_cells, vaults_room_pool, v_pattern_1,
          ontoclasm_vaults_twist, layout_vaults_big_cross, serial_shops, shop,
          nicolae_shop_window_shopping, shop, nicolae_shop_stone, shop_fountains
Vaults:4: gammafunk_vaults_ghost_grave, v_misc_3,
          nicolae_vaults_network_periphery, hangedman_vaults_maws, v_misc_3,
          v_misc_31, vaults_room_large_hall, vaults_dpeg_diagonal,
          vaults_room_door_hall, hangedman_vaults_stretched_pinwheel,
          ontoclasm_vaults_ring_small, vaults_dpeg_encased_lava,
          layout_vaults_maze_snakey, mu_enter_wizlab_5
Vaults:5: serial_shops, uniq_margery
IceCv:    ice_cave_caverns_03

Skill      XL: |  1  2  3  4  5  6  7  8  9 10 11 12 13 14 15 16 17 18 19 20 21 22 |
---------------+-------------------------------------------------------------------+-----
Armour         | 3 4 5 6 7 8 9 10 11 12 13 14 15 | 15.0
Short Blades   | 1 3 4 7 8 9 |  9.5
Axes           | 3 5 8 10 12 15 17 18 19 | 19.0
Throwing       | 1 2 4 6 7 9 10 11 12 13 14 | 14.3
Fighting       | 4 5 6 7 8 9 10 11 12 14 16 17 19 | 19.5
Invocations    | 3 5 6 7 8 10 | 10.0
Shields        | 3 4 5 6 7 8 9 |  9.0
Evocations     | 2 5 |  5.0
Long Blades    | |  0.1

Action                   |  1- 3 |  4- 6 |  7- 9 | 10-12 | 13-15 | 16-18 | 19-21 | 22-24 || total
-------------------------+-------+-------+-------+-------+-------+-------+-------+-------++-------
Melee: War axe           |    65 |       |       |   296 |       |       |       |       ||   361
       Short sword       |    21 |   144 |   367 |   409 |       |       |       |       ||   941
       Dagger            |       |       |       |   135 |     6 |       |       |       ||   141
       Falchion          |       |       |       |    42 |       |       |       |       ||    42
       Scimitar          |       |       |       |    12 |       |       |       |       ||    12
       Trident           |       |       |       |    45 |   144 |       |       |       ||   189
       Broad axe         |       |       |       |       |   652 |   901 |   969 |   261 ||  2783
       Constrict         |       |       |       |       |   158 |   184 |   204 |    51 ||   597
Throw: Boomerang         |       |    22 |    55 |    81 |    53 |    37 |    53 |    58 ||   359
       Dart              |       |       |    27 |   159 |    11 |    36 |    17 |     8 ||   258
       Javelin           |       |       |       |     6 |       |     8 |    10 |       ||    24
       Throwing net      |       |       |       |     1 |       |       |       |       ||     1
Invok: Heroism           |       |       |       |    14 |     9 |     6 |    11 |     1 ||    41
       Finesse           |       |       |       |     2 |     5 |     4 |     3 |       ||    14
 Abil: Spit Poison       |     3 |    12 |    17 |     8 |       |       |       |       ||    40
Evoke: Wand              |       |       |       |       |     4 |     1 |     1 |     1 ||     7
       Lamp of fire      |       |       |       |       |       |     1 |     1 |       ||     2
  Use: Potion            |       |     1 |     3 |     3 |     3 |     5 |     6 |     4 ||    25
       Scroll            |       |     1 |     8 |    12 |    20 |     9 |    14 |     6 ||    70
 Stab: Invisible         |       |       |       |     1 |       |       |       |       ||     1
       Paralysed         |       |       |       |       |       |     1 |       |       ||     1
  Eat: Chunk             |     1 |     6 |    17 |    18 |    20 |    17 |    20 |     7 ||   106
       Ration            |       |       |       |     1 |     2 |     2 |     4 |       ||     9
Armor: Scale mail        |    59 |    43 |    24 |       |       |       |       |       ||   126
       Skin              |       |       |     1 |       |       |       |       |     4 ||     5
       Chain mail        |       |       |   102 |       |   467 |   649 |   307 |       ||  1525
       Plate armour      |       |       |    46 |   567 |    97 |       |   269 |   186 ||  1165
Dodge: Dodged            |    25 |    26 |    35 |   138 |   139 |   124 |   154 |    33 ||   674
Block: Shield            |    50 |    53 |   150 |   490 |   421 |   472 |   669 |   169 ||  2474
       Reflection        |       |       |       |       |       |       |    59 |    27 ||    86
       Rpst.: Falchion   |       |       |       |     3 |       |       |       |       ||     3

Table legend:
 A = Non-vault XP
 B = Vault XP
 C = Vault XP percentage of total XP
 D = Non-vault monster count
 E = Vault monster count
 F = Vault count percentage of total count
                 A         B        C        D         E       F
            +---------+---------+-------+---------+---------+-------
      Total |  344817 |  316878 |  47.9 |    1108 |     546 |  33.0
            +---------+---------+-------+---------+---------+-------
        D:1 |      47 |       0 |   0.0 |      26 |       0 |   0.0
        D:2 |     106 |       3 |   2.8 |      16 |       2 |  11.1
        D:3 |     154 |       2 |   1.3 |      34 |       1 |   2.9
        D:4 |     621 |     434 |  41.1 |      33 |       2 |   5.7
        D:5 |     598 |       0 |   0.0 |      33 |       0 |   0.0
        D:6 |     707 |       0 |   0.0 |      23 |       0 |   0.0
        D:7 |     493 |       0 |   0.0 |      10 |       0 |   0.0
        D:8 |    1495 |       0 |   0.0 |      23 |       0 |   0.0
        D:9 |     981 |       0 |   0.0 |      23 |       0 |   0.0
       D:10 |    1907 |       0 |   0.0 |      42 |       0 |   0.0
       D:11 |    6006 |     795 |  11.7 |      30 |       4 |  11.8
       D:12 |    6947 |     566 |   7.5 |      36 |      16 |  30.8
       D:13 |    6268 |   11280 |  64.3 |      26 |      18 |  40.9
       D:14 |   11699 |       0 |   0.0 |      53 |       0 |   0.0
       D:15 |   11167 |    3966 |  26.2 |      29 |       8 |  21.6
     Lair:1 |    2310 |       0 |   0.0 |      12 |       0 |   0.0
     Lair:2 |    3611 |    4601 |  56.0 |      16 |      23 |  59.0
     Lair:3 |    9301 |     595 |   6.0 |      17 |       2 |  10.5
     Lair:4 |    4206 |       0 |   0.0 |      23 |       0 |   0.0
     Lair:5 |    5162 |       0 |   0.0 |      26 |       0 |   0.0
     Lair:6 |    8798 |    6589 |  42.8 |      31 |      25 |  44.6
   Shoals:1 |   17474 |    2895 |  14.2 |      38 |       1 |   2.6
   Shoals:2 |   13240 |    3788 |  22.2 |      30 |       6 |  16.7
   Shoals:3 |   14247 |       0 |   0.0 |      26 |       0 |   0.0
   Shoals:4 |   25280 |   30880 |  55.0 |      46 |      44 |  48.9
   Spider:1 |    7055 |       0 |   0.0 |      26 |       0 |   0.0
   Spider:2 |   13520 |    3663 |  21.3 |      41 |       1 |   2.4
   Spider:3 |   11714 |    2436 |  17.2 |      26 |       8 |  23.5
   Spider:4 |   14415 |   29445 |  67.1 |      42 |      54 |  56.2
      Orc:1 |     882 |     480 |  35.2 |      18 |       1 |   5.3
      Orc:2 |    3558 |   17329 |  83.0 |      27 |      39 |  59.1
      Elf:1 |   21698 |   14897 |  40.7 |      37 |      21 |  36.2
      Elf:2 |    4390 |       0 |   0.0 |       8 |       0 |   0.0
   Vaults:1 |   31109 |   22094 |  41.5 |      44 |      39 |  47.0
   Vaults:2 |   16790 |   33909 |  66.9 |      24 |      45 |  65.2
   Vaults:3 |   45191 |   21590 |  32.3 |      71 |      32 |  31.1
   Vaults:4 |   19090 |   48500 |  71.8 |      37 |      51 |  58.0
   Vaults:5 |    2580 |   15761 |  85.9 |       5 |      13 |  72.2
      IceCv |       0 |    6090 | 100.0 |       0 |      44 | 100.0
     WizLab |       0 |   28187 | 100.0 |       0 |      36 | 100.0
   Gauntlet |       0 |    6103 | 100.0 |       0 |      10 | 100.0
            +---------+---------+-------+---------+---------+-------
